Tamiflu vs Monarchs
Created - June 24, 2017 at 21:38
Goals
|
| Tamiflu |
0 |
0 |
1 |
1 |
| Monarchs |
1 |
2 |
2 |
5 |
|
Shots
|
| Tamiflu |
12 |
12 |
5 |
29 |
| Monarchs |
10 |
14 |
11 |
35 |
|
1st period
1. Monarchs , Reilly Smith 5 (Theo Peckham 10) at 9:32
Penalties :
Tye McGinn (Det) for Hooking (Minor) at 18:12
2nd period
2. Monarchs , Matt Irwin 9 (Riley Cote 11, Riley Sheahan 23) at 12:17 (PP)
3. Monarchs , Shawn Matthias 8 (Tom Pyatt 11, Matt Irwin 13) at 13:04
Penalties :
Shawn Matthias (MAN) for Tripping (Minor) at 0:39, Petr Pohl (Det) for Hooking (Minor) at 5:07, Nino Niederreiter (Det) for Tripping (Minor) at 12:13
3rd period
4. Monarchs , Tyler Toffoli 7 (Justin Faulk 13, Matt Tennyson 1) at 16:24
5. Tamiflu , Greg Mauldin 16 (Stefan Elliott 4) at 16:36
6. Monarchs , Justin Williams 19 (Riley Cote 12) at 19:02 (PP)
Penalties :
Justin Faulk (MAN) for Slashing (Minor) at 1:26, Jan Mursak (Det) for Hooking (Minor) at 6:03, Justin Braun (Det) for Interference (Minor) at 14:16, Jamie Arniel (Det) for Hooking (Minor) at 19:00, Theo Peckham (MAN) for Delaying the game (Minor) at 19:36
Goalie Stats
Thomas Greiss (Det), 30 saves from 35 shots - (0.857), L, 13-4-0, 60:00 minutes
Jhonas Enroth (MAN), 28 saves from 29 shots - (0.966), W, 13-4-2, 60:00 minutes
Players Stats for Tamiflu
Player Name G A P +/- PIM S H SB GA TA FO MP PP MP PK MP
------------------------------------------------------------------------------------
Adam Larsson 0 0 0 -1 0 0 0 0 0 0 0/0 16:39 0:00 3:24
Casey Wellman 0 0 0 0 0 0 2 0 0 0 0/0 7:53 0:00 0:19
Colin Greening 0 0 0 -1 0 3 0 0 0 1 3/6 10:27 0:00 2:32
Greg Mauldin 1 0 1 1 0 5 2 1 0 0 22/37 19:21 2:19 0:54
Jamie Arniel 0 0 0 -2 2 1 0 0 0 0 8/13 16:34 1:51 1:38
Jan Mursak 0 0 0 0 2 1 0 0 0 0 6/13 14:26 0:17 3:24
Jordan Hendry 0 0 0 -2 0 0 2 0 1 2 0/0 26:43 2:10 4:38
Justin Braun 0 0 0 -1 2 0 2 0 0 1 0/0 13:10 0:00 0:00
Lucas Lessio 0 0 0 -1 0 1 0 0 0 0 1/1 9:47 0:00 2:00
Mattias Tedenby 0 0 0 0 0 1 2 0 0 0 0/1 10:19 0:00 0:00
Mike Duco 0 0 0 0 0 1 1 0 0 0 0/0 10:42 0:17 0:00
Nathan Oystrick 0 0 0 0 0 0 0 1 0 0 0/0 20:15 2:11 3:24
Nino Niederreiter 0 0 0 1 2 1 1 1 0 0 0/2 22:15 1:45 4:05
Petr Pohl 0 0 0 -2 2 3 2 0 2 0 0/0 16:25 2:30 0:53
Philip Samuelsson 0 0 0 -2 0 3 1 0 1 1 0/0 26:43 2:10 4:38
Robert Dome 0 0 0 1 0 8 2 0 1 0 0/0 18:23 2:19 0:00
Stefan Elliott 0 1 1 1 0 0 1 0 0 0 0/0 16:38 2:11 0:00
Tye McGinn 0 0 0 -2 2 1 2 0 0 0 0/0 15:12 1:45 0:19
Players Stats for Monarchs
Player Name G A P +/- PIM S H SB GA TA FO MP PP MP PK MP
------------------------------------------------------------------------------------
Alexandre Grenier 0 0 0 1 0 1 1 1 0 0 0/0 11:01 0:00 0:00
Brian Dumoulin 0 0 0 0 0 0 0 0 0 0 0/0 4:32 0:00 0:00
Greg Pateryn 0 0 0 0 0 0 1 0 0 0 0/0 4:32 0:00 0:00
Jake Muzzin 0 0 0 0 0 0 0 0 0 0 0/0 0:00 0:00 0:00
Jannik Hansen 0 0 0 0 0 0 0 0 0 0 0/0 7:06 0:00 0:00
Johnny Gaudreau 0 0 0 0 0 3 0 0 0 0 0/0 7:55 0:00 0:49
Justin Faulk 0 1 1 1 2 0 0 1 0 1 0/0 8:44 0:00 0:00
Justin Williams 1 0 1 0 0 3 2 0 1 0 1/2 22:53 4:31 2:21
Matt Irwin 1 1 2 2 0 4 0 3 0 0 0/0 27:39 5:34 2:20
Matt Tennyson 0 1 1 -1 0 2 2 1 0 1 0/0 19:13 2:28 2:01
Patrick Maroon 0 0 0 0 0 0 0 0 0 0 0/0 0:00 0:00 0:00
Reilly Smith 1 0 1 1 0 3 3 1 1 0 1/1 18:00 3:31 1:00
Rickard Rakell 0 0 0 0 0 0 0 0 0 0 0/0 0:38 0:00 0:38
Riley Cote 0 2 2 0 0 2 4 1 0 1 3/6 22:56 4:31 2:24
Riley Sheahan 0 1 1 0 0 3 0 0 0 1 19/37 20:32 4:31 0:00
Ryan White 0 0 0 0 0 0 0 0 0 0 0/0 0:00 0:00 0:00
Shawn Matthias 1 0 1 1 2 3 0 0 1 1 0/0 17:31 3:31 0:32
Theo Peckham 0 1 1 2 2 1 0 0 0 0 0/0 27:15 5:34 1:57
Tom Gilbert 0 0 0 -1 0 4 1 1 0 0 0/0 19:13 2:28 2:01
Tom Pyatt 0 1 1 1 0 1 1 1 0 0 5/13 16:51 3:31 0:00
Trevor Lewis 0 0 0 0 0 0 0 0 0 0 0/0 0:58 0:00 0:58
Ty Wishart 0 0 0 1 0 0 0 0 0 0 0/0 8:59 0:00 0:23
Tyler McNeely 0 0 0 1 0 1 0 0 0 0 0/1 11:01 0:00 0:00
Tyler Toffoli 1 0 1 1 0 2 0 0 1 0 4/9 11:01 0:00 0:00
Zac Rinaldo 0 0 0 0 0 2 0 0 1 0 0/4 7:06 0:00 0:00
3 Stars
1 - Matt Irwin (MAN)
2 - Jhonas Enroth (MAN)
3 - Reilly Smith (MAN)
Power Play
Tamiflu - 0 on 3 Attempt(s) - 0.00%
Monarchs - 2 on 6 Attempt(s) - 33.33%
Penalty Kill
Tamiflu - 4 on 6 Attempt(s) - 66.67%
- Score 0 goal in Penalty Kill
Monarchs - 3 on 3 Attempt(s) - 100.00%
- Score 0 goal in Penalty Kill
Team Stat
Tamiflu - Hits : 20 - Faceoff Wins : 40 - Blocked Shots : 3 - Penalty Minutes : 12
Monarchs - Hits : 15 - Faceoff Wins : 33 - Blocked Shots : 10 - Penalty Minutes : 6
Official
Referees : Leggo Mike and Kozari Steve
Linesman : Brad Lazarowich and Mark Pare
Game Notes
No Game Note
Finance
Level 1 -- Attendance: 2000 (100.00%) -- Ticket Income $80,000
Level 2 -- Attendance: 1000 (100.00%) -- Ticket Income $20,000
Total Attendance: 3000 (100.00%)
Total Ticket Income: $100,000
Other Income: $5,000
Total Income: $105,000
Tamiflu
5 vs 5 Forward
Center Left Wing Right Wing Time % Phy DF OF
1 Greg Mauldin Robert Dome Nino Niederreiter 40 1 2 2
2 Jamie Arniel Tye McGinn Petr Pohl 30 1 2 2
3 Jan Mursak Mike Duco Mattias Tedenby 20 1 2 2
4 Colin Greening Lucas Lessio Casey Wellman 10 1 2 2
5 vs 5 Defense
Defense Defense Time % Phy DF OF
1 Jordan Hendry Philip Samuelsson 40 1 2 2
2 Nathan Oystrick Stefan Elliott 30 1 2 2
3 Justin Braun Adam Larsson 20 1 2 2
4 Justin Braun Adam Larsson 10 1 2 2
PowerPlay Forward
Center Left Wing Right Wing Time % Phy DF OF
1 Greg Mauldin Robert Dome Petr Pohl 60 1 2 2
2 Jamie Arniel Tye McGinn Nino Niederreiter 40 1 2 2
PowerPlay Defense
Defense Defense Time % Phy DF OF
1 Jordan Hendry Philip Samuelsson 60 1 2 2
2 Nathan Oystrick Stefan Elliott 40 1 2 2
Penalty Kill 4 Players Forward
Center Wing Time % Phy DF OF
1 Jan Mursak Nino Niederreiter 60 1 2 2
2 Petr Pohl Jamie Arniel 40 1 2 2
Penalty Kill 4 Players Defense
Defense Defense Time % Phy DF OF
1 Jordan Hendry Philip Samuelsson 60 1 2 2
2 Nathan Oystrick Adam Larsson 40 1 2 2
Penalty Kill - 3 Players Forward
Forward Time % Phy DF OF
1 Nino Niederreiter 60 1 2 2
2 Jamie Arniel 40 1 2 2
Penalty Kill - 3 Players Defense
Defense Defense Time % Phy DF OF
1 Jordan Hendry Philip Samuelsson 60 1 2 2
2 Nathan Oystrick Adam Larsson 40 1 2 2
4 vs 4 Forward
Center Wing Time % Phy DF OF
1 Robert Dome Greg Mauldin 60 1 2 2
2 Petr Pohl Jamie Arniel 40 1 2 2
4 vs 4 Defense
Defense Defense Time % Phy DF OF
1 Jordan Hendry Philip Samuelsson 60 1 2 2
2 Justin Braun Adam Larsson 40 1 2 2
Last Minutes Offensive
Center Left Wing Right Wing Defense Defense
Greg Mauldin Robert Dome Petr Pohl Jordan Hendry Philip Samuelsson
Last Minutes Defensive
Center Left Wing Right Wing Defense Defense
Jamie Arniel Jan Mursak Nino Niederreiter Nathan Oystrick Philip Samuelsson
Goaltenders
Starting : Thomas Greiss
Backup : Joe Fallon
Extra Forwards
Normal : Robert Dome, Petr Pohl, Mike Duco - PP : Mike Duco, Jan Mursak - PK : Jan Mursak
Extra Defensemen
Normal : Philip Samuelsson, Stefan Elliott, Adam Larsson - PP : Justin Braun - PK : Stefan Elliott, Justin Braun
Penalty Shots
Robert Dome, Greg Mauldin, Petr Pohl, Jamie Arniel, Mattias Tedenby
Scratches
Garrett Wilson (Healthy), Tanner Kero (Healthy), Greg McKegg (Healthy), Kyle Lawson (Healthy), Brett Bulmer (Healthy)
Stuart Percy (Healthy), Rich Clune (Healthy), Jerome Gauthier-Leduc (Healthy), Konrad Abeltshauser (Healthy), Phoenix Copley (Healthy)
Tyler Beskorowany (Healthy)
Monarchs
5 vs 5 Forward
Center Left Wing Right Wing Time % Phy DF OF
1 Riley Sheahan Riley Cote Justin Williams 40 1 2 2
2 Tom Pyatt Shawn Matthias Reilly Smith 30 1 2 2
3 Tyler Toffoli Tyler McNeely Alexandre Grenier 20 1 2 2
4 Zac Rinaldo Johnny Gaudreau Jannik Hansen 10 1 2 2
5 vs 5 Defense
Defense Defense Time % Phy DF OF
1 Matt Irwin Theo Peckham 40 1 2 2
2 Tom Gilbert Matt Tennyson 30 1 2 2
3 Ty Wishart Justin Faulk 20 1 2 2
4 Brian Dumoulin Greg Pateryn 10 1 2 2
PowerPlay Forward
Center Left Wing Right Wing Time % Phy DF OF
1 Riley Sheahan Riley Cote Justin Williams 60 1 2 2
2 Tom Pyatt Shawn Matthias Reilly Smith 40 1 2 2
PowerPlay Defense
Defense Defense Time % Phy DF OF
1 Matt Irwin Theo Peckham 60 1 2 2
2 Tom Gilbert Matt Tennyson 40 1 2 2
Penalty Kill 4 Players Forward
Center Wing Time % Phy DF OF
1 Riley Cote Justin Williams 60 1 2 2
2 Shawn Matthias Reilly Smith 40 1 2 2
Penalty Kill 4 Players Defense
Defense Defense Time % Phy DF OF
1 Matt Irwin Theo Peckham 60 1 2 2
2 Tom Gilbert Matt Tennyson 40 1 2 2
Penalty Kill - 3 Players Forward
Forward Time % Phy DF OF
1 Riley Cote 60 1 2 2
2 Justin Williams 40 1 2 2
Penalty Kill - 3 Players Defense
Defense Defense Time % Phy DF OF
1 Matt Irwin Theo Peckham 60 1 2 2
2 Tom Gilbert Matt Tennyson 40 1 2 2
4 vs 4 Forward
Center Wing Time % Phy DF OF
1 Riley Cote Justin Williams 60 1 2 2
2 Shawn Matthias Reilly Smith 40 1 2 2
4 vs 4 Defense
Defense Defense Time % Phy DF OF
1 Matt Irwin Theo Peckham 60 1 2 2
2 Tom Gilbert Matt Tennyson 40 1 2 2
Last Minutes Offensive
Center Left Wing Right Wing Defense Defense
Riley Sheahan Riley Cote Justin Williams Matt Irwin Theo Peckham
Last Minutes Defensive
Center Left Wing Right Wing Defense Defense
Riley Sheahan Riley Cote Justin Williams Matt Irwin Theo Peckham
Goaltenders
Starting : Jhonas Enroth
Backup : Andrew Hammond
Extra Forwards
Normal : Ryan White, Patrick Maroon, Trevor Lewis - PP : Ryan White, Patrick Maroon - PK : Trevor Lewis
Extra Defensemen
Normal : Jake Muzzin, Ty Wishart, Justin Faulk - PP : Jake Muzzin - PK : Ty Wishart, Justin Faulk
Penalty Shots
Riley Cote, Justin Williams, Shawn Matthias, Reilly Smith, Riley Sheahan
Scratches
Brandon Saad (Healthy), Joe Morrow (Healthy), Emerson Etem (Healthy), Derek Forbort (Healthy), Jamie McGinn (Healthy)
Anthony Peluso (Healthy), Alec Martinez (Chest/Ribs Injury), Ben Bishop (Healthy)
% Time on Ice - Tamiflu
Lines # - Real PCT - Wanted PCT - Time Play
Normal Forward
1 - 35% - 40% - 16:38
2 - 28% - 30% - 13:06
3 - 22% - 20% - 10:19
4 - 16% - 10% - 7:34
Normal Defense
1 - 42% - 40% - 19:55
2 - 31% - 30% - 14:40
3 - 20% - 20% - 9:24
4 - 8% - 10% - 3:38
PP Forward
1 - 57% - 60% - 2:30
2 - 43% - 40% - 1:51
PP Defense
1 - 50% - 60% - 2:10
2 - 50% - 40% - 2:11
PK Forward
1 - 80% - 60% - 6:24
2 - 20% - 40% - 1:38
PK Defense
1 - 58% - 60% - 4:38
2 - 42% - 40% - 3:24
PK3 Forward
1 - 0% - 60%
2 - 0% - 40%
PK3 Defense
1 - 0% - 60%
2 - 0% - 40%
44 Forward
1 - 0% - 60%
2 - 0% - 40%
44 Defense
1 - 0% - 60%
2 - 0% - 40%
Last Minute Offensive - 0:00
Last Minute Defensive - 0:00
Total
Forward - 60:00
Defense - 60:00
|
% Time on Ice - Monarchs
Lines # - Real PCT - Wanted PCT - Time Play
Normal Forward
1 - 34% - 40% - 16:01
2 - 28% - 30% - 13:29
3 - 23% - 20% - 11:01
4 - 15% - 10% - 7:06
Normal Defense
1 - 41% - 40% - 19:45
2 - 31% - 30% - 14:44
3 - 18% - 20% - 8:36
4 - 10% - 10% - 4:32
PP Forward
1 - 56% - 60% - 4:31
2 - 44% - 40% - 3:31
PP Defense
1 - 69% - 60% - 5:34
2 - 31% - 40% - 2:28
PK Forward
1 - 77% - 60% - 3:21
2 - 23% - 40% - 1:00
PK Defense
1 - 54% - 60% - 2:20
2 - 46% - 40% - 2:01
PK3 Forward
1 - 0% - 60%
2 - 0% - 40%
PK3 Defense
1 - 0% - 60%
2 - 0% - 40%
44 Forward
1 - 0% - 60%
2 - 0% - 40%
44 Defense
1 - 0% - 60%
2 - 0% - 40%
Last Minute Offensive - 0:00
Last Minute Defensive - 0:00
Total
Forward - 60:00
Defense - 60:00
|
Play by Play
1st period
0:01 of 1st period - Greg Mauldin wins face-off versus Riley Sheahan in neutral zone.
0:26 of 1st period - Jordan Hendry is hit by Reilly Smith and loses puck.
1:09 of 1st period - Snap shot by Nathan Oystrick.
1:09 of 1st period - Deflect By Lucas Lessio.
1:09 of 1st period - Stopped by Jhonas Enroth with a rebound.
1:17 of 1st period - Wrist shot by Colin Greening.
1:17 of 1st period - Stopped by Jhonas Enroth without a rebound.
1:18 of 1st period - Greg Mauldin wins face-off versus Riley Sheahan in Monarchs zone.
1:48 of 1st period - Snap shot by Shawn Matthias.
1:48 of 1st period - Stopped by Thomas Greiss with a rebound.
2:30 of 1st period - Slapshot by Johnny Gaudreau.
2:30 of 1st period - Stopped by Thomas Greiss with a rebound.
3:02 of 1st period - Nathan Oystrick is hit by Greg Pateryn and loses puck.
3:11 of 1st period - Snap shot by Shawn Matthias.
3:11 of 1st period - Shot Misses the Net.
3:13 of 1st period - Slapshot by Matt Irwin.
3:13 of 1st period - Stopped by Thomas Greiss without a rebound.
3:14 of 1st period - Greg Mauldin wins face-off versus Tyler Toffoli in Tamiflu zone.
4:30 of 1st period - Tom Gilbert is hit by Philip Samuelsson and loses puck.
4:45 of 1st period - Snap shot by Justin Williams.
4:45 of 1st period - Shot Misses the Net.
4:55 of 1st period - Snap shot by Nino Niederreiter.
4:55 of 1st period - Shot Misses the Net.
5:05 of 1st period - Snap shot by Petr Pohl.
5:05 of 1st period - Shot Misses the Net.
5:07 of 1st period - Wrist shot by Jamie Arniel.
5:07 of 1st period - Shot Misses the Net.
5:27 of 1st period - Icing by Tyler McNeely.
5:28 of 1st period - Tyler Toffoli wins face-off versus Colin Greening in Monarchs zone.
5:33 of 1st period - Slapshot by Tom Gilbert.
5:33 of 1st period - Stopped by Thomas Greiss without a rebound.
5:34 of 1st period - Greg Mauldin wins face-off versus Riley Sheahan in Tamiflu zone.
6:23 of 1st period - Snap shot by Tye McGinn.
6:23 of 1st period - Stopped by Jhonas Enroth with a rebound.
6:49 of 1st period - Snap shot by Robert Dome.
6:49 of 1st period - Stopped by Jhonas Enroth without a rebound.
6:50 of 1st period - Greg Mauldin wins face-off versus Tyler Toffoli in Monarchs zone.
7:17 of 1st period - Philip Samuelsson is hit by Reilly Smith and loses puck.
7:34 of 1st period - Wrist shot by Greg Mauldin.
7:34 of 1st period - Stopped by Jhonas Enroth with a rebound.
7:38 of 1st period - Backhand shot by Robert Dome.
7:38 of 1st period - Shot Hit the Post.
7:40 of 1st period - Snap shot by Robert Dome.
7:40 of 1st period - Stopped by Jhonas Enroth without a rebound.
7:41 of 1st period - Jamie Arniel wins face-off versus Riley Sheahan in Monarchs zone.
7:53 of 1st period - Off-side.
7:54 of 1st period - Jamie Arniel wins face-off versus Riley Sheahan in neutral zone.
8:21 of 1st period - Theo Peckham is hit by Mike Duco and loses puck.
8:30 of 1st period - Snap shot by Shawn Matthias.
8:30 of 1st period - Stopped by Thomas Greiss with a rebound.
8:52 of 1st period - Snap shot by Lucas Lessio.
8:52 of 1st period - Deflect By Colin Greening.
8:52 of 1st period - Shot Blocked by Alexandre Grenier.
8:52 of 1st period - Puck is out of play.
8:53 of 1st period - Greg Mauldin wins face-off versus Justin Williams in Monarchs zone.
8:56 of 1st period - Wrist shot by Robert Dome.
8:56 of 1st period - Shot Blocked by Riley Cote.
8:58 of 1st period - Slapshot by Philip Samuelsson.
8:58 of 1st period - Deflect By Robert Dome.
8:58 of 1st period - Stopped by Jhonas Enroth with a rebound.
9:00 of 1st period - Snap shot by Nino Niederreiter.
9:00 of 1st period - Stopped by Jhonas Enroth without a rebound.
9:01 of 1st period - Riley Sheahan wins face-off versus Greg Mauldin in Monarchs zone.
9:32 of 1st period - Snap shot by Reilly Smith.
9:32 of 1st period - Goal by Reilly Smith - Tamiflu : 0 - Monarchs : 1.
9:33 of 1st period - Greg Mauldin wins face-off versus Riley Sheahan in neutral zone.
9:44 of 1st period - Snap shot by Riley Cote.
9:44 of 1st period - Stopped by Thomas Greiss without a rebound.
9:45 of 1st period - Justin Williams wins face-off versus Greg Mauldin in Tamiflu zone.
10:17 of 1st period - Wrist shot by Mattias Tedenby.
10:17 of 1st period - Stopped by Jhonas Enroth with a rebound.
10:19 of 1st period - Wrist shot by Mike Duco.
10:19 of 1st period - Shot Misses the Net.
10:21 of 1st period - Slapshot by Nathan Oystrick.
10:21 of 1st period - Deflect By Mattias Tedenby.
10:21 of 1st period - Shot Misses the Net.
10:21 of 1st period - Puck is out of play.
10:22 of 1st period - Jamie Arniel wins face-off versus Riley Sheahan in Monarchs zone.
10:29 of 1st period - Snap shot by Petr Pohl.
10:29 of 1st period - Stopped by Jhonas Enroth with a rebound.
10:48 of 1st period - Reilly Smith is hit by Nino Niederreiter and loses puck.
11:44 of 1st period - Wrist shot by Colin Greening.
11:44 of 1st period - Stopped by Jhonas Enroth with a rebound.
11:54 of 1st period - Slapshot by Justin Williams.
11:54 of 1st period - Stopped by Thomas Greiss with a rebound.
12:31 of 1st period - Slapshot by Tom Pyatt.
12:31 of 1st period - Stopped by Thomas Greiss without a rebound.
12:32 of 1st period - Jan Mursak wins face-off versus Tyler Toffoli in Tamiflu zone.
12:58 of 1st period - Matt Irwin is hit by Justin Braun and loses puck.
13:31 of 1st period - Snap shot by Greg Mauldin.
13:31 of 1st period - Shot Misses the Net.
13:33 of 1st period - Wrist shot by Nino Niederreiter.
13:33 of 1st period - Shot Misses the Net.
13:37 of 1st period - Snap shot by Robert Dome.
13:37 of 1st period - Stopped by Jhonas Enroth without a rebound.
13:38 of 1st period - Tom Pyatt wins face-off versus Jamie Arniel in Monarchs zone.
14:37 of 1st period - Greg Pateryn is hit by Casey Wellman and loses puck.
14:54 of 1st period - Slapshot by Justin Williams.
14:54 of 1st period - Shot Misses the Net.
15:15 of 1st period - Snap shot by Robert Dome.
15:15 of 1st period - Deflect By Greg Mauldin.
15:15 of 1st period - Shot Blocked by Justin Faulk.
15:15 of 1st period - Puck is out of play.
15:16 of 1st period - Riley Sheahan wins face-off versus Mattias Tedenby in Monarchs zone.
15:24 of 1st period - Off-side.
15:25 of 1st period - Jan Mursak wins face-off versus Riley Sheahan in neutral zone.
15:36 of 1st period - Wrist shot by Riley Cote.
15:36 of 1st period - Shot Misses the Net.
16:04 of 1st period - Snap shot by Justin Williams.
16:04 of 1st period - Stopped by Thomas Greiss without a rebound.
16:05 of 1st period - Reilly Smith wins face-off versus Greg Mauldin in Tamiflu zone.
17:13 of 1st period - Wrist shot by Riley Cote.
17:13 of 1st period - Shot Blocked by Nino Niederreiter.
18:12 of 1st period - Minor Penalty to Tye McGinn for Hooking.
18:13 of 1st period - Riley Sheahan wins face-off versus Jan Mursak in Tamiflu zone.
18:26 of 1st period - Slapshot by Riley Sheahan.
18:26 of 1st period - Shot Misses the Net.
19:27 of 1st period - Off-side.
19:28 of 1st period - Tom Pyatt wins face-off versus Colin Greening in neutral zone.
19:41 of 1st period - Jordan Hendry is hit by Riley Cote.
Goals for this period are 0 for Tamiflu vs 1 for Monarchs .
Shots for this period are 12 for Tamiflu vs 10 for Monarchs .
2nd period
0:01 of 2nd period - Riley Sheahan wins face-off versus Jan Mursak in neutral zone.
0:08 of 2nd period - Slapshot by Justin Williams.
0:08 of 2nd period - Deflect By Riley Sheahan.
0:08 of 2nd period - Stopped by Thomas Greiss without a rebound.
0:09 of 2nd period - Riley Sheahan wins face-off versus Jan Mursak in Tamiflu zone.
0:12 of 2nd period - Penalty to Tye McGinn is over, Tye McGinn is back on ice.
0:18 of 2nd period - Snap shot by Justin Williams.
0:18 of 2nd period - Shot Misses the Net.
0:20 of 2nd period - Snap shot by Theo Peckham.
0:20 of 2nd period - Stopped by Thomas Greiss without a rebound.
0:21 of 2nd period - Greg Mauldin wins face-off versus Riley Sheahan in Tamiflu zone.
0:30 of 2nd period - Snap shot by Robert Dome.
0:30 of 2nd period - Stopped by Jhonas Enroth without a rebound.
0:31 of 2nd period - Tom Pyatt wins face-off versus Greg Mauldin in Monarchs zone.
0:34 of 2nd period - Snap shot by Greg Mauldin.
0:34 of 2nd period - Stopped by Jhonas Enroth without a rebound.
0:35 of 2nd period - Greg Mauldin wins face-off versus Tom Pyatt in Monarchs zone.
0:36 of 2nd period - Wrist shot by Robert Dome.
0:36 of 2nd period - Stopped by Jhonas Enroth without a rebound.
0:37 of 2nd period - Tom Pyatt wins face-off versus Greg Mauldin in Monarchs zone.
0:39 of 2nd period - Minor Penalty to Shawn Matthias for Tripping.
0:40 of 2nd period - Greg Mauldin wins face-off versus Riley Cote in Monarchs zone.
0:42 of 2nd period - Snap shot by Greg Mauldin.
0:42 of 2nd period - Shot Misses the Net.
0:44 of 2nd period - Snap shot by Robert Dome.
0:44 of 2nd period - Shot Blocked by Matt Irwin.
2:04 of 2nd period - Tom Gilbert is hit by Greg Mauldin and loses puck.
2:39 of 2nd period - Penalty to Shawn Matthias is over, Shawn Matthias is back on ice.
3:24 of 2nd period - Tyler Toffoli is hit by Robert Dome and loses puck.
3:59 of 2nd period - Nathan Oystrick is hit by Justin Williams and loses puck.
4:58 of 2nd period - Slapshot by Tom Gilbert.
4:58 of 2nd period - Stopped by Thomas Greiss with a rebound.
5:00 of 2nd period - Slapshot by Matt Tennyson.
5:00 of 2nd period - Stopped by Thomas Greiss with a rebound.
5:02 of 2nd period - Slapshot by Matt Tennyson.
5:02 of 2nd period - Stopped by Thomas Greiss without a rebound.
5:03 of 2nd period - Tom Pyatt wins face-off versus Jamie Arniel in Tamiflu zone.
5:07 of 2nd period - Minor Penalty to Petr Pohl for Hooking.
5:08 of 2nd period - Riley Sheahan wins face-off versus Jan Mursak in Tamiflu zone.
5:15 of 2nd period - Wrist shot by Riley Cote.
5:15 of 2nd period - Stopped by Thomas Greiss without a rebound.
5:16 of 2nd period - Riley Sheahan wins face-off versus Jan Mursak in Tamiflu zone.
5:50 of 2nd period - Slapshot by Matt Irwin.
5:50 of 2nd period - Shot Misses the Net.
7:06 of 2nd period - Riley Sheahan is hit by Greg Mauldin and loses puck.
7:07 of 2nd period - Penalty to Petr Pohl is over, Petr Pohl is back on ice.
7:10 of 2nd period - Icing by Riley Sheahan.
7:11 of 2nd period - Riley Cote wins face-off versus Greg Mauldin in Monarchs zone.
7:16 of 2nd period - Greg Mauldin is hit by Riley Cote and loses puck.
7:34 of 2nd period - Backhand shot by Tyler Toffoli.
7:34 of 2nd period - Shot Blocked by Nathan Oystrick.
7:50 of 2nd period - Snap shot by Johnny Gaudreau.
7:50 of 2nd period - Deflect By Zac Rinaldo.
7:50 of 2nd period - Stopped by Thomas Greiss without a rebound.
7:51 of 2nd period - Colin Greening wins face-off versus Zac Rinaldo in Tamiflu zone.
8:02 of 2nd period - Snap shot by Colin Greening.
8:02 of 2nd period - Stopped by Jhonas Enroth with a rebound.
8:04 of 2nd period - Slapshot by Philip Samuelsson.
8:04 of 2nd period - Stopped by Jhonas Enroth without a rebound.
8:05 of 2nd period - Greg Mauldin wins face-off versus Riley Sheahan in Monarchs zone.
8:56 of 2nd period - Nathan Oystrick is hit by Matt Tennyson and loses puck.
9:51 of 2nd period - Justin Braun is hit by Reilly Smith and loses puck.
10:13 of 2nd period - Off-side.
10:14 of 2nd period - Jan Mursak wins face-off versus Tyler McNeely in neutral zone.
10:23 of 2nd period - Snap shot by Jan Mursak.
10:23 of 2nd period - Stopped by Jhonas Enroth without a rebound.
10:24 of 2nd period - Greg Mauldin wins face-off versus Riley Sheahan in Monarchs zone.
10:29 of 2nd period - Snap shot by Greg Mauldin.
10:29 of 2nd period - Stopped by Jhonas Enroth without a rebound.
10:30 of 2nd period - Riley Sheahan wins face-off versus Greg Mauldin in Monarchs zone.
10:59 of 2nd period - Snap shot by Mattias Tedenby.
10:59 of 2nd period - Shot Misses the Net.
11:14 of 2nd period - Icing by Justin Williams.
11:15 of 2nd period - Riley Sheahan wins face-off versus Jamie Arniel in Monarchs zone.
11:49 of 2nd period - Off-side.
11:50 of 2nd period - Greg Mauldin wins face-off versus Tom Pyatt in neutral zone.
11:59 of 2nd period - Wrist shot by Robert Dome.
11:59 of 2nd period - Stopped by Jhonas Enroth with a rebound.
12:06 of 2nd period - Tom Gilbert is hit by Stefan Elliott and loses puck.
12:13 of 2nd period - Minor Penalty to Nino Niederreiter for Tripping.
12:14 of 2nd period - Riley Sheahan wins face-off versus Jan Mursak in Tamiflu zone.
12:15 of 2nd period - Slapshot by Riley Cote.
12:15 of 2nd period - Shot Misses the Net.
12:17 of 2nd period - Slapshot by Matt Irwin.
12:17 of 2nd period - Goal by Matt Irwin - Tamiflu : 0 - Monarchs : 2.
12:18 of 2nd period - Riley Sheahan wins face-off versus Greg Mauldin in neutral zone.
12:28 of 2nd period - Slapshot by Philip Samuelsson.
12:28 of 2nd period - Stopped by Jhonas Enroth without a rebound.
12:29 of 2nd period - Riley Sheahan wins face-off versus Greg Mauldin in Monarchs zone.
12:54 of 2nd period - Shawn Matthias is hit by Petr Pohl.
13:04 of 2nd period - Snap shot by Shawn Matthias.
13:04 of 2nd period - Goal by Shawn Matthias - Tamiflu : 0 - Monarchs : 3.
13:05 of 2nd period - Riley Sheahan wins face-off versus Greg Mauldin in neutral zone.
13:18 of 2nd period - Slapshot by Robert Dome.
13:18 of 2nd period - Deflect By Greg Mauldin.
13:18 of 2nd period - Shot Blocked by Matt Irwin.
13:18 of 2nd period - Puck is out of play.
13:19 of 2nd period - Jamie Arniel wins face-off versus Tom Pyatt in Monarchs zone.
13:20 of 2nd period - Wrist shot by Petr Pohl.
13:20 of 2nd period - Shot Blocked by Matt Irwin.
13:22 of 2nd period - Snap shot by Petr Pohl.
13:22 of 2nd period - Shot Misses the Net.
13:44 of 2nd period - Tye McGinn is hit by Tom Pyatt and loses puck.
13:53 of 2nd period - Slapshot by Philip Samuelsson.
13:53 of 2nd period - Shot Blocked by Tom Pyatt.
13:55 of 2nd period - Wrist shot by Tye McGinn.
13:55 of 2nd period - Deflect By Petr Pohl.
13:55 of 2nd period - Stopped by Jhonas Enroth with a rebound.
13:57 of 2nd period - Slapshot by Jamie Arniel.
13:57 of 2nd period - Stopped by Jhonas Enroth with a rebound.
13:59 of 2nd period - Snap shot by Jamie Arniel.
13:59 of 2nd period - Deflect By Petr Pohl.
13:59 of 2nd period - Shot Misses the Net.
13:59 of 2nd period - Puck is out of play.
14:00 of 2nd period - Greg Mauldin wins face-off versus Riley Sheahan in Monarchs zone.
14:01 of 2nd period - Snap shot by Robert Dome.
14:01 of 2nd period - Shot Misses the Net.
14:16 of 2nd period - Nathan Oystrick is hit by Justin Williams and loses puck.
14:49 of 2nd period - Icing by Justin Faulk.
14:50 of 2nd period - Colin Greening wins face-off versus Zac Rinaldo in Monarchs zone.
15:22 of 2nd period - Icing by Riley Sheahan.
15:23 of 2nd period - Greg Mauldin wins face-off versus Riley Sheahan in Monarchs zone.
15:36 of 2nd period - Snap shot by Matt Irwin.
15:36 of 2nd period - Shot Blocked by Greg Mauldin.
15:48 of 2nd period - Riley Sheahan is hit by Mattias Tedenby and loses puck.
16:57 of 2nd period - Snap shot by Johnny Gaudreau.
16:57 of 2nd period - Stopped by Thomas Greiss with a rebound.
17:08 of 2nd period - Icing by Matt Irwin.
17:09 of 2nd period - Jan Mursak wins face-off versus Zac Rinaldo in Monarchs zone.
18:22 of 2nd period - Slapshot by Tom Gilbert.
18:22 of 2nd period - Stopped by Thomas Greiss without a rebound.
18:23 of 2nd period - Tyler Toffoli wins face-off versus Greg Mauldin in Tamiflu zone.
19:15 of 2nd period - Snap shot by Mike Duco.
19:15 of 2nd period - Stopped by Jhonas Enroth with a rebound.
19:29 of 2nd period - Wrist shot by Johnny Gaudreau.
19:29 of 2nd period - Stopped by Thomas Greiss without a rebound.
19:30 of 2nd period - Lucas Lessio wins face-off versus Zac Rinaldo in Tamiflu zone.
19:35 of 2nd period - Zac Rinaldo is hit by Jordan Hendry and loses puck.
19:52 of 2nd period - Slapshot by Zac Rinaldo.
19:52 of 2nd period - Stopped by Thomas Greiss with a rebound.
19:54 of 2nd period - Snap shot by Tom Gilbert.
19:54 of 2nd period - Stopped by Thomas Greiss without a rebound.
19:55 of 2nd period - Greg Mauldin wins face-off versus Riley Sheahan in Tamiflu zone.
Goals for this period are 0 for Tamiflu vs 2 for Monarchs .
Shots for this period are 12 for Tamiflu vs 14 for Monarchs .
3rd period
0:01 of 3rd period - Greg Mauldin wins face-off versus Riley Sheahan in neutral zone.
0:04 of 3rd period - Slapshot by Jordan Hendry.
0:04 of 3rd period - Shot Misses the Net.
0:14 of 3rd period - Greg Mauldin is hit by Riley Cote and loses puck.
0:25 of 3rd period - Philip Samuelsson is hit by Matt Tennyson and loses puck.
1:26 of 3rd period - Minor Penalty to Justin Faulk for Slashing.
1:27 of 3rd period - Greg Mauldin wins face-off versus Riley Cote in Monarchs zone.
1:39 of 3rd period - Stefan Elliott is hit by Tom Gilbert and loses puck.
1:54 of 3rd period - Tom Gilbert is hit by Tye McGinn and loses puck.
2:32 of 3rd period - Slapshot by Robert Dome.
2:32 of 3rd period - Stopped by Jhonas Enroth with a rebound.
3:26 of 3rd period - Penalty to Justin Faulk is over, Justin Faulk is back on ice.
4:47 of 3rd period - Wrist shot by Riley Sheahan.
4:47 of 3rd period - Stopped by Thomas Greiss with a rebound.
4:49 of 3rd period - Snap shot by Reilly Smith.
4:49 of 3rd period - Stopped by Thomas Greiss without a rebound.
4:50 of 3rd period - Greg Mauldin wins face-off versus Tom Pyatt in Tamiflu zone.
4:55 of 3rd period - Slapshot by Jordan Hendry.
4:55 of 3rd period - Shot Blocked by Reilly Smith.
4:57 of 3rd period - Snap shot by Greg Mauldin.
4:57 of 3rd period - Deflect By Robert Dome.
4:57 of 3rd period - Shot Misses the Net.
4:57 of 3rd period - Puck is out of play.
4:58 of 3rd period - Jamie Arniel wins face-off versus Riley Sheahan in Monarchs zone.
4:59 of 3rd period - Snap shot by Tye McGinn.
4:59 of 3rd period - Shot Misses the Net.
5:34 of 3rd period - Wrist shot by Tom Pyatt.
5:34 of 3rd period - Shot Misses the Net.
5:51 of 3rd period - Tyler Toffoli is hit by Justin Braun and loses puck.
6:03 of 3rd period - Minor Penalty to Jan Mursak for Hooking.
6:04 of 3rd period - Riley Sheahan wins face-off versus Colin Greening in Tamiflu zone.
7:49 of 3rd period - Theo Peckham is hit by Tye McGinn and loses puck.
8:03 of 3rd period - Penalty to Jan Mursak is over, Jan Mursak is back on ice.
8:14 of 3rd period - Slapshot by Matt Irwin.
8:14 of 3rd period - Stopped by Thomas Greiss without a rebound.
8:15 of 3rd period - Tyler Toffoli wins face-off versus Jamie Arniel in Tamiflu zone.
8:18 of 3rd period - Snap shot by Tyler Toffoli.
8:18 of 3rd period - Stopped by Thomas Greiss with a rebound.
8:20 of 3rd period - Snap shot by Alexandre Grenier.
8:20 of 3rd period - Stopped by Thomas Greiss without a rebound.
8:21 of 3rd period - Jamie Arniel wins face-off versus Tyler Toffoli in Tamiflu zone.
8:30 of 3rd period - Snap shot by Petr Pohl.
8:30 of 3rd period - Stopped by Jhonas Enroth with a rebound.
9:49 of 3rd period - Wrist shot by Tyler McNeely.
9:49 of 3rd period - Stopped by Thomas Greiss without a rebound.
9:50 of 3rd period - Colin Greening wins face-off versus Tyler Toffoli in Tamiflu zone.
9:50 of 3rd period - Colin Greening is hit by Alexandre Grenier.
10:44 of 3rd period - Off-side.
10:45 of 3rd period - Jamie Arniel wins face-off versus Tom Pyatt in neutral zone.
11:17 of 3rd period - Icing by Matt Tennyson.
11:18 of 3rd period - Tyler Toffoli wins face-off versus Greg Mauldin in Monarchs zone.
12:05 of 3rd period - Off-side.
12:06 of 3rd period - Jan Mursak wins face-off versus Tom Pyatt in neutral zone.
12:13 of 3rd period - Matt Irwin is hit by Mattias Tedenby and loses puck.
12:32 of 3rd period - Theo Peckham is hit by Petr Pohl and loses puck.
12:42 of 3rd period - Off-side.
12:43 of 3rd period - Riley Sheahan wins face-off versus Greg Mauldin in neutral zone.
12:56 of 3rd period - Snap shot by Greg Mauldin.
12:56 of 3rd period - Stopped by Jhonas Enroth without a rebound.
12:57 of 3rd period - Riley Sheahan wins face-off versus Jamie Arniel in Monarchs zone.
13:22 of 3rd period - Tom Pyatt is hit by Robert Dome and loses puck.
13:32 of 3rd period - Theo Peckham is hit by Jordan Hendry.
13:48 of 3rd period - Slapshot by Mike Duco.
13:48 of 3rd period - Shot Misses the Net.
13:50 of 3rd period - Wrist shot by Mattias Tedenby.
13:50 of 3rd period - Shot Blocked by Tom Gilbert.
13:52 of 3rd period - Slapshot by Philip Samuelsson.
13:52 of 3rd period - Stopped by Jhonas Enroth with a rebound.
14:16 of 3rd period - Minor Penalty to Justin Braun for Interference.
14:17 of 3rd period - Jan Mursak wins face-off versus Riley Sheahan in Tamiflu zone.
14:17 of 3rd period - Jan Mursak is hit by Riley Cote.
14:26 of 3rd period - Backhand shot by Theo Peckham.
14:26 of 3rd period - Shot Hit the Post.
14:28 of 3rd period - Slapshot by Matt Irwin.
14:28 of 3rd period - Stopped by Thomas Greiss without a rebound.
14:29 of 3rd period - Riley Sheahan wins face-off versus Nino Niederreiter in Tamiflu zone.
14:30 of 3rd period - Backhand shot by Justin Williams.
14:30 of 3rd period - Shot Misses the Net.
14:32 of 3rd period - Snap shot by Theo Peckham.
14:32 of 3rd period - Shot Misses the Net.
14:36 of 3rd period - Snap shot by Riley Sheahan.
14:36 of 3rd period - Stopped by Thomas Greiss with a rebound.
16:16 of 3rd period - Penalty to Justin Braun is over, Justin Braun is back on ice.
16:24 of 3rd period - Backhand shot by Tyler Toffoli.
16:24 of 3rd period - Goal by Tyler Toffoli - Tamiflu : 0 - Monarchs : 4.
16:25 of 3rd period - Greg Mauldin wins face-off versus Tom Pyatt in neutral zone.
16:32 of 3rd period - Wrist shot by Greg Mauldin.
16:32 of 3rd period - Shot Blocked by Matt Tennyson.
16:34 of 3rd period - Snap shot by Greg Mauldin.
16:34 of 3rd period - Shot Misses the Net.
16:36 of 3rd period - Slapshot by Greg Mauldin.
16:36 of 3rd period - Goal by Greg Mauldin - Tamiflu : 1 - Monarchs : 4.
16:37 of 3rd period - Greg Mauldin wins face-off versus Riley Sheahan in neutral zone.
16:44 of 3rd period - Off-side.
16:45 of 3rd period - Riley Sheahan wins face-off versus Greg Mauldin in neutral zone.
16:47 of 3rd period - Off-side.
16:48 of 3rd period - Riley Cote wins face-off versus Nino Niederreiter in neutral zone.
18:06 of 3rd period - Matt Tennyson is hit by Casey Wellman and loses puck.
18:38 of 3rd period - Slapshot by Justin Faulk.
18:38 of 3rd period - Deflect By Reilly Smith.
18:38 of 3rd period - Stopped by Thomas Greiss without a rebound.
18:39 of 3rd period - Jamie Arniel wins face-off versus Tom Pyatt in Tamiflu zone.
18:52 of 3rd period - Wrist shot by Petr Pohl.
18:52 of 3rd period - Shot Misses the Net.
19:00 of 3rd period - Minor Penalty to Jamie Arniel for Hooking.
19:01 of 3rd period - Riley Cote wins face-off versus Jan Mursak in Tamiflu zone.
19:02 of 3rd period - Snap shot by Justin Williams.
19:02 of 3rd period - Goal by Justin Williams - Tamiflu : 1 - Monarchs : 5.
19:03 of 3rd period - Riley Sheahan wins face-off versus Greg Mauldin in neutral zone.
19:36 of 3rd period - Minor Penalty to Theo Peckham for Delaying the game.
19:37 of 3rd period - Greg Mauldin wins face-off versus Riley Cote in Monarchs zone.
Goals for this period are 1 for Tamiflu vs 2 for Monarchs .
Shots for this period are 5 for Tamiflu vs 11 for Monarchs .
Back to the Top